 Dungeon Crawl Stone Soup version 0.29-a0-469-gd254ca6 (webtiles) character file.

Game seed: 2045296914635897919

4467 Think the Slicer (level 10, -2/73 HPs)
             Began as an Octopode Fighter on May 22, 2022.
             Was an Elder of Elyvilon.
             Killed from afar by an orc wizard (9 damage)
             ... with a puff of flame
             ... on level 8 of the Dungeon.
             The game lasted 00:21:28 (9035 turns).

Think the Slicer (Octopode Fighter)                 Turns: 9035, Time: 00:21:29

Health: -2/73      AC:  1    Str: 18 (19) XL:     10   Next: 37%
Magic:  8/10       EV: 15    Int: 10      God:    Elyvilon [****..]
Gold:   314        SH: 11    Dex: 14 (15) Spells: 7/9 levels left

rFire   . . .      SeeInvis .   c - +2 dagger (elec)
rCold   . . .      Faith    .   b - +1 buckler
rNeg    . . .      Spirit   .   (helmet restricted)
rPois   .          Reflect  +   x - amulet of reflection
rElec   .          Harm     .   r - ring of willpower
rCorr   .          Rampage  .   (no ring)
Will    +....      Rage     1%  (no ring)
Stlth   ++........              (no ring)
HPRegen 0.22/turn               (no ring)
MPRegen 0.12/turn               (no ring)
                                (no ring)
                                (no ring)

@: no status effects
A: almost no armour, amphibious, 8 rings, camouflage 1, gelatinous body 1,
(nimble swimmer 1), tentacles, tentacle spike 1, agile 1, berserk 1, mutation
resistance 1
a: Renounce Religion, Purification, Heal Other, Heal Self


You were on level 8 of the Dungeon.
You worshipped Elyvilon.
Elyvilon was greatly pleased with you.
You visited 1 branch of the dungeon, and saw 9 of its levels.

You collected 314 gold pieces.

Inventory:

Hand Weapons
 a - a +0 rapier
 c - a +2 dagger of electrocution (weapon)
 d - a +1 dagger of venom
 p - the +6 whip "Ofiumupy" {elec, Drain rElec rN+ Stlth+}
   (You found it on level 3 of the Dungeon)

   It occasionally discharges a powerful burst of electricity upon striking a
   foe.
   rElec:     It insulates you from electricity.
   rN:        It protects you from negative energy.
   Drain:     It drains your maximum health when unequipped.
   Stlth:     It makes you more stealthy.
 H - a +1 dagger of electrocution
Armour
 b - a +1 buckler (worn)
Jewellery
 j - a ring of flight
 r - a ring of willpower (left tentacle)
 x - an amulet of reflection (around mantle)
Wands
 t - a wand of charming (5)
 B - a wand of acid (1)
 D - a wand of iceblast (6)
 E - a wand of flame (26)
 I - a wand of digging (5)
Scrolls
 f - a scroll of immolation
 h - a scroll of brand weapon
 i - 2 scrolls of teleportation
 k - 2 scrolls of amnesia
 l - 2 scrolls of noise
 n - a scroll of blinking
 q - 2 scrolls of magic mapping
 u - a scroll of vulnerability
 y - a scroll of enchant weapon {unknown}
 A - a scroll of torment {unknown}
Potions
 e - 3 potions of curing
 g - 2 potions of mutation
 z - 2 potions of degeneration


   Skills:
 * Level 8.4 Fighting
 - Level 10.0 Short Blades
 + Level 6.2 Dodging
 + Level 6.2 Shields
 - Level 2.0 Hexes


You had 7 spell levels left.
You knew the following spells:

 Your Spells              Type           Power      Damage    Failure   Level
a - Ensorcelled Hibernat  Hex/Ice        4%         N/A       43%         2

Your spell library contained the following spells:

 Spells                   Type           Power      Damage    Failure   Level
 Summon Small Mammal      Summ           0%         N/A       43%         1
 Blink                    Tloc           0%         N/A       58%         2
 Poisonous Vapours        Pois/Air       0%         N/A       58%         2
 Scorch                   Fire           0%         2d5       58%         2
 Summon Guardian Golem    Hex/Summ       2%         N/A       67%         3
 Call Canine Familiar     Summ           0%         N/A       82%         3
 Lesser Beckoning         Tloc           0%         N/A       82%         3
 Spider Form              Tmut/Pois      0%         N/A       82%         3
 Anguish                  Hex/Necr       1%         N/A       97%         4
 Corpse Rot               Necr/Pois/Air  0%         N/A       99%         4
 Flame Wave               Conj/Fire      0%         2d4       99%         4
 Manifold Assault         Tloc           0%         N/A       100%        5
 Summon Cactus Giant      Summ           0%         N/A       100%        6


Dungeon Overview and Level Annotations

Branches:
Dungeon (9/15)             Temple (0/1) D:6
   Lair: D:8-11         Orc: D:9-12

Altars:
Elyvilon
Ru

Shops:
D:4 =   D:6 [   D:9 =[[(

Annotations:
D:8 3 runed translucent doors, Caerwyn's ghost, novice DsHu; Maurice


Innate Abilities, Weirdness & Mutations

You cannot wear most types of armour.
You are amphibious.
You can wear up to eight rings at the same time.
Your skin changes colour to match your surroundings (Stealth+).
Your rubbery body absorbs attacks. (AC +1, EV +1)
((You are camouflaged when in or above water. (Stealth+)))
You have tentacles for arms and can constrict up to eight enemies at once.
One of your tentacles bears a spike.
You are agile. (Dex +2)
You tend to lose your temper in combat.
You are somewhat resistant to further mutation.


Message History

Aim: a troll (71% to hit)
The bolt of acid hits the troll!
The troll is moderately wounded.
The bolt of acid hits the fungus!
The fungus begins to die.
The fungus is lightly damaged.
The bolt of acid hits the plant!
The plant begins to die.
The plant is lightly damaged.
The troll completely misses you. The troll barely misses you. x2
Aiming: Corrosive Bolt
Press: ? - help, Shift-Dir - straight line, f/p - troll
Aim: a troll (moderately wounded, 71% to hit)
The bolt of acid hits the troll!
The troll is heavily wounded.
The bolt of acid hits the fungus!
The acid corrodes the fungus!
The fungus is lightly damaged.
The bolt of acid hits the plant!
The acid corrodes the plant!
The plant is lightly damaged.
The troll barely misses you. The troll completely misses you.
You block the troll's attack.
A wight comes into view. It is wielding a +4 flail.
Aiming: Corrosive Bolt
Press: ? - help, Shift-Dir - straight line, f/p - troll
Aim: a troll (heavily wounded, 71% to hit)
The bolt of acid hits the troll!
The acid corrodes the troll!
The troll is severely wounded.
The bolt of acid hits the fungus!
The fungus seems to be corroded for longer.
The fungus is moderately damaged.
The bolt of acid hits the plant!!
The plant seems to be corroded for longer.
The plant is moderately damaged.
You block the troll's attack. The troll claws you.
The troll closely misses you. The troll bites you!
* * * LOW HITPOINT WARNING * * *
The troll barely misses you. The troll claws you!
* * * LOW HITPOINT WARNING * * *
The orc wizard gestures at you while chanting.
The puff of flame hits you!
You die...

+....# ........P
........#.......K.....#.
........#....#........#.
....P...#....#........#.
...P....#....#........#.
..P.P...#....#..(.....#.
#.....o#....#..........
#......#....#......@...
#..PPT@#....#......>.F.
#..PP..##'###..........
...P...##.......#'####..
..P.... #.......#.......
..z.... #.......#.......
....... #.......#.......
....### #.......#....#.+
.... ##......#....#..
#...........+..


You could see a troll (corroded), a wight and an orc wizard.

Vanquished Creatures
  Joseph (D:7)
  A kobold demonologist (D:8)
  A troll (D:9)
  Prince Ribbit (D:7)
  Grinder (D:3)
  4 yaks
  3 water moccasins
  2 orc warriors (D:9)
  3 ogres
  2 phantoms
  5 bullfrogs
  A necrophage (D:7)
  2 scorpions (D:6)
  2 wights (D:8)
  A howler monkey (D:7)
  2 orc priests
  3 hounds
  3 jellies
  4 iguanas
  4 orc wizards
  Natasha (thrice) (D:2)
  9 adders
  A white imp (D:7)
  An ufetubus (D:6)
  5 worms
  A dart slug (D:3)
  12 orcs
  2 endoplasms
  5 giant cockroaches
  9 goblins
  3 hobgoblins
  14 kobolds
  A quokka (D:1)
  6 ball pythons
  8 bats
  A frilled lizard (D:1)
  7 rats
134 creatures vanquished.

Vanquished Creatures (collateral kills)
  2 yaks (D:8)
  A kobold brigand (D:8)
  A bullfrog (D:8)
  A scorpion (D:8)
  An electric eel (D:8)
6 creatures vanquished.

Vanquished Creatures (others)
  11 fungi (D:8)
  13 plants (D:8)
24 creatures vanquished.

Grand Total: 164 creatures vanquished

Notes
Turn   | Place    | Note
-------+----------+-------------------------------------------
     0 | D:1      | Think the Octopode Fighter began the quest for the Orb.
     0 | D:1      | Reached XP level 1. HP: 16/16 MP: 1/1
   153 | D:1      | Reached XP level 2. HP: 20/21 MP: 2/2
   237 | D:1      | Reached skill level 3 in Short Blades
   471 | D:1      | Found a faded altar of an unknown god.
   555 | D:1      | Prayed at the altar of an unknown god.
   555 | D:1      | Became a worshipper of Elyvilon the Healer
   555 | D:1      | Reached * piety under Elyvilon
   996 | D:2      | Reached XP level 3. HP: 22/26 MP: 3/3
  1383 | D:2      | Reached ** piety under Elyvilon
  1656 | D:2      | Noticed Natasha
  1664 | D:2      | Killed Natasha
  1665 | D:2      | Reached skill level 4 in Short Blades
  1790 | D:2      | Noticed Natasha
  1796 | D:2      | Killed Natasha
  1797 | D:2      | Reached XP level 4. HP: 10/31 MP: 4/4
  1848 | D:2      | Noticed Natasha
  1855 | D:2      | Killed Natasha
  2267 | D:3      | Identified the +6 whip "Ofiumupy" {elec, Drain rElec rN+
                  | Stlth+}
  2287 | D:3      | Noticed Grinder
  2290 | D:3      | Paralysed by Grinder for 3 turns
  2309 | D:3      | Paralysed by Grinder for 3 turns
  2328 | D:3      | Killed Grinder
  2329 | D:3      | Reached skill level 6 in Short Blades
  2329 | D:3      | Reached XP level 5. HP: 10/36 MP: 5/5
  2329 | D:3      | Reached XP level 6. HP: 12/42 MP: 6/6
  2665 | D:3      | Reached *** piety under Elyvilon
  2850 | D:3      | Found a sacrificial altar of Ru.
  3419 | D:4      | Reached **** piety under Elyvilon
  3553 | D:4      | Reached skill level 7 in Short Blades
  3564 | D:4      | Found Otetog's Jewellery Emporium.
  3823 | D:4      | Reached XP level 7. HP: 25/46 MP: 7/7
  3967 | D:4      | Learned a level 2 spell: Ensorcelled Hibernation
  4096 | D:5      | Entered Level 5 of the Dungeon
  4098 | D:5      | Reached skill level 1 in Hexes
  4263 | D:5      | Reached skill level 8 in Short Blades
  4564 | D:5      | Reached ***** piety under Elyvilon
  5107 | D:6      | Reached XP level 8. HP: 44/52 MP: 8/8
  5174 | D:6      | Reached skill level 9 in Short Blades
  5394 | D:6      | Found a staircase to the Ecumenical Temple.
  5554 | D:6      | Found Woikoll's Antique Armour Shop.
  5722 | D:6      | Reached skill level 10 in Short Blades
  5998 | D:7      | Noticed Joseph
  6018 | D:7      | Killed Joseph
  6019 | D:7      | Reached skill level 5 in Fighting
  6019 | D:7      | Reached XP level 9. HP: 21/61 MP: 3/9
  7540 | D:8      | Noticed a kobold demonologist
  7544 | D:8      | Noticed a hellwing
  7601 | D:8      | Found a runed translucent gate.
  7602 | D:8      | Found a runed translucent gate.
  7602 | D:8      | Noticed Caerwyn's ghost (novice DsHu)
  7602 | D:8      | Noticed a kobold demonologist
  7609 | D:8      | Found a runed translucent gate.
  7708 | D:8      | Noticed Prince Ribbit
  7721 | D:7      | Killed Prince Ribbit
  7941 | D:8      | Reached skill level 5 in Dodging
  7941 | D:8      | Reached skill level 5 in Shields
  7962 | D:8      | Gained mutation: You do not regenerate when monsters are
                  | visible. [potion of mutation]
  7962 | D:8      | Gained mutation: You are partially covered in large bone
                  | plates. (SH +4) [potion of mutation]
  7969 | D:8      | Noticed an orange demon
  7975 | D:8      | Noticed Maurice
  7978 | D:8      | Reached XP level 10. HP: 14/71 MP: 1/10
  7990 | D:8      | Elyvilon protects you from harm!
  7997 | D:8      | Killed a kobold demonologist
  8206 | D:9      | Lost mutation: You do not regenerate when monsters are
                  | visible. [potion of mutation]
  8206 | D:9      | Lost mutation: You are partially covered in large bone
                  | plates. (SH +4) [potion of mutation]
  8206 | D:9      | Gained mutation: You are somewhat resistant to further
                  | mutation. [potion of mutation]
  8206 | D:9      | Gained mutation: You tend to lose your temper in combat.
                  | [potion of mutation]
  8206 | D:9      | Gained mutation: You are agile. (Dex +2) [potion of
                  | mutation]
  8206 | D:9      | Gained mutation: One of your tentacles bears a spike.
                  | [potion of mutation]
  8761 | D:9      | Found Yliaf's Jewellery Shop.
  8763 | D:9      | Found Puer's Antique Weapon Shop.
  8769 | D:9      | Found Comoq's Antique Armour Shop.
  8769 | D:9      | Found Nuyc's Antique Armour Shop.
  9035 | D:8      | Killed from afar by an orc wizard

Illustrated notes

Levels and vault maps discovered:
D:1:      saegor_arrival_under_anarchy, layout_basic,
          shapermc_ecumenical_altar_hornbeckon, minmay_misc_feat_x
D:2:      layout_basic, nicolae_wormholes, uniq_natasha
D:3:      layout_basic, mainiacjoe_overflow_boulevard, minmay_misc_feat_hallway,
          kennysheep_decorative_pillar, uniq_grinder
D:4:      layout_loops_cross, serial_shops, shop
D:5:      layout_cave_pools
D:6:      layout_rooms, minmay_temple_entry_tees, serial_shops,
          nicolae_shop_waterfront
D:7:      layout_basic, uniq_joseph
D:8:      layout_gridville, mainiacjoe_overflow_brackets,
          grunt_lair_entry_orc_guard_hut, special_room [special_room_kobold],
          gammafunk_ghost_split, fungi_pond_lemuel, uniq_maggie,
          uniq_prince_ribbit1, uniq_maurice
D:9:      layout_irregular_city, minmay_shop_grid_forest, uniq_grum

Skill      XL: |  1  2  3  4  5  6  7  8  9 10 |
---------------+-------------------------------+-----
Short Blades   | 3 4 6 7 8 10 | 10.0
Hexes          | 2 |  2.0
Fighting       | 5 7 8 |  8.4
Dodging        | 4 5 6 |  6.2
Shields        | 4 5 6 |  6.2

Action                   |  1- 3 |  4- 6 |  7- 9 | 10-12 || total
-------------------------+-------+-------+-------+-------++-------
Melee: Rapier            |    19 |       |       |       ||    19
       Constrict         |    15 |    27 |    27 |     8 ||    77
       Dagger            |    41 |   111 |   175 |    45 ||   372
       Tentacles         |     7 |    17 |    44 |    12 ||    80
       Punch             |       |     1 |     4 |     1 ||     6
       Kick              |       |       |       |     9 ||     9
Invok: Purification      |       |       |     2 |       ||     2
       Heal Self         |       |       |     8 |     3 ||    11
Evoke: Wand              |       |       |       |     9 ||     9
  Use: Potion            |     1 |     1 |     7 |     8 ||    17
       Scroll            |       |       |    11 |     2 ||    13
 Stab: Sleeping          |     7 |     4 |     9 |       ||    20
Armor: Skin              |     5 |     3 |    38 |    16 ||    62
Dodge: Dodged            |    19 |    38 |    54 |    56 ||   167
Block: Buckler           |     5 |    25 |    81 |    60 ||   171
       Reflection        |       |       |     5 |     1 ||     6

Table legend: (Time is in decaauts)
 A = Elapsed time spent in this place.
 B = Non-inter-level travel time spent in this place.
 C = Inter-level travel time spent in this place.
 D = Time resting spent in this place.
 E = Time spent auto-exploring this place.
 F = Levels seen in this place.
 G = Mean time per level.
                   A        B        C        D        E       F      G
               +--------+--------+--------+--------+--------+-----+--------+
         Total |   8913 |   8492 |    421 |   2027 |   5354 |   9 |  990.3 |
       Dungeon |   8913 |   8492 |    421 |   2027 |   5354 |   9 |  990.3 |
               +--------+--------+--------+--------+--------+-----+--------+

Top non-repeatable levels by time:
     D:7: 1905 daAuts
     D:2: 1326 daAuts
     D:4: 1167 daAuts
     D:3: 1018 daAuts
     D:9: 1013 daAuts
     D:1: 893 daAuts
     D:6: 664 daAuts
     D:5: 660 daAuts
     D:8: 262 daAuts
